 Dungeon Crawl Stone Soup version 0.25.1-2-g60ff931df9 (webtiles) character file.

Game seed: 17889223818994489122

38 Martska the Grasshopper (level 3, 0/33 HPs)
             Began as a Naga Warper on Aug 16, 2020.
             Succumbed to a worker ant's poison
             ... on level 2 of the Dungeon.
             The game lasted 00:02:05 (1677 turns).

Martska the Grasshopper (Naga Warper)               Turns: 1677, Time: 00:02:06

Health: 0/33       AC:  2    Str: 13    XL:     3   Next: 43%
Magic:  6/6        EV:  9    Int: 14    God:
Gold:   35         SH:  0    Dex: 10    Spells: 6/6 levels left

rFire    . . .     SeeInvis +   a - +0 spear
rCold    . . .     Gourm    .   (no shield)
rNeg     . . .     Faith    .   b - +0 leather armour
rPois    +         Spirit   .   (no helmet)
rElec    .         Reflect  .   (no cloak)
rCorr    .         Harm     .   (no gloves)
MR       .....                  (no barding)
Stlth    +.........             (no amulet)
HPRegen  0.11/turn              (no ring)
MPRegen  0.10/turn              (no ring)

@: lethally poisoned (0 -> -11), very slow
A: large, see invisible, deformed body, poison resistance, slowness 2, slow
metabolism 1, spit poison 1, AC +1
a: Spit Poison


You were on level 2 of the Dungeon.
You were not hungry.

You visited 1 branch of the dungeon, and saw 2 of its levels.

You collected 35 gold pieces.

Inventory:

Hand Weapons
 a - a +0 spear (weapon)
Missiles
 e - 4 boomerangs of dispersal (quivered)
Armour
 b - a +0 leather armour (worn)
Scrolls
 d - a scroll of blinking
 g - a scroll of remove curse {unknown}
 i - a scroll of teleportation {unknown}
 k - a scroll of amnesia {unknown}
 l - 2 scrolls of enchant weapon {unknown}
 m - a scroll of fog {unknown}
 n - a scroll of enchant armour {unknown}
 o - a scroll of identify {unknown}
Potions
 c - a potion of magic
 h - a potion of curing {unknown}
Comestibles
 f - 3 rations


   Skills:
 * Level 2.5 Fighting
 * Level 2.5 Polearms
 - Level 0.8 Throwing
 + Level 1.2 Armour
 + Level 1.9 Dodging
 + Level 2.2 Spellcasting
   Level 3.0 Translocations


You had 6 spell levels left.
You didn't know any spells.
Your spell library contained the following spells:

 Spells                   Type           Power        Failure   Level  Hunger
 Blink                    Tloc           N/A          13%         2    ###....
 Shroud of Golubria       Chrm/Tloc      #.....       24%         2    ###....
 Gell's Gravitas          Tloc           #.........   26%         3    ###....
 Lesser Beckoning         Tloc           #.........   26%         3    ###....
 Teleport Other           Tloc           #.......     26%         3    ###....
 Passage of Golubria      Tloc           N/A          65%         4    #####..


Dungeon Overview and Level Annotations

Branches:
Dungeon (2/15)

Altars:


Innate Abilities, Weirdness & Mutations

You cannot wear boots.
Your serpentine skin is tough. (AC +1)
You have supernaturally acute eyesight. (SInv)
Armour fits poorly on your strangely shaped body.
Your system is resistant to poisons. (rPois)
You cover ground very slowly.
You have a slow metabolism.
You can spit poison.


Message History

* * * LOW HITPOINT WARNING * * *
Attack whom?
Press: ? - help, Dir - move target cursor, f/p - worker ant
Aim: a worker ant (heavily wounded)
You closely miss the worker ant.
The worker ant is heavily wounded.
The worker ant bites you.
* * * LOW HITPOINT WARNING * * *
Attack whom?
Press: ? - help, Dir - move target cursor, f/p - worker ant
Aim: a worker ant (heavily wounded)
You hit the worker ant.
The worker ant is almost dead.
* * * LOW HITPOINT WARNING * * *
You feel sick. The worker ant bites you.
* * * LOW HITPOINT WARNING * * *
You are more poisoned.
The worker ant poisons you!
It was a potion of magic.
Magic courses through your body.
You die...

#. #.# #.. #.. #..
..# #.. #..#
#..###### #..#
#..@....# #..#
##a####.# #..# #.
#.# #..# ### #!
#.###..# ##..
#.####.##<..# #...
#......()...###.#.#
#########..###.##.#
#...((.....
##.###.##.#


You could see a worker ant.

Vanquished Creatures
  An ooze (D:1)
  A dart slug (D:1)
  A leopard gecko (D:1)
  3 bats (D:1)
  A giant cockroach (D:1)
  7 goblins (D:1)
  3 hobgoblins (D:1)
  2 frilled lizards (D:1)
  7 kobolds
  4 rats (D:1)
30 creatures vanquished.

Notes
Turn   | Place    | Note
-------+----------+-------------------------------------------
     0 | D:1      | Martska the Naga Warper began the quest for the Orb.
     0 | D:1      | Reached XP level 1. HP: 19/19 MP: 3/3
   218 | D:1      | Reached XP level 2. HP: 2/26 MP: 5/5
   590 | D:1      | Reached skill level 1 in Armour
   866 | D:1      | Reached XP level 3. HP: 33/33 MP: 6/6
  1676 | D:2      | HP: 1/33 [worker ant (3)]
  1677 | D:2      | Succumbed to a worker ant's poison

Illustrated notes

Levels and vault maps discovered:
D:1:      minmay_arrival_five_plusses, layout_loops_ring, minmay_pentomino_x4
D:2:      wander_river, layout_loops_ring, grunt_decor_one_mirror,
          kennysheep_generic_room_13

Skill      XL: |  1  2 |
---------------+-------+-----
Armour         | 1 |  1.2
Fighting       | |  2.5
Polearms       | |  2.5
Throwing       | |  0.8
Dodging        | |  1.9
Spellcasting   | |  2.2
Translocations | |  3.0

Action                   || total
-------------------------++-------
Melee: Spear             ||   103
Throw: Boomerang         ||     1
  Use: Potion            ||     1
  Eat: Chunk             ||     1
Armor: Leather armour    ||    18
Dodge: Dodged            ||    40
